 Dungeon Crawl Stone Soup version 0.31.0-10-gcf4a605ca0 (webtiles) character file.

Game seed: 921201363004514069

91 SnakkuSnakku7 the Caller (level 4, -3/38 HPs)
             Began as a Ghoul Summoner on Jan 26, 2024.
             Slain by a hell rat (11 damage)
             ... in a sewer.
             The game lasted 00:02:30 (2167 turns).

SnakkuSnakku7 the Caller (Ghoul Summoner)           Turns: 2167, Time: 00:02:31

Health: -3/38      AC: 11    Str: 13    XL:     4   Next: 59%
Magic:  6/6        EV:  6    Int: 14    God:
Gold:   29         SH:  0    Dex:  9    Spells: 5/6 levels left

rFire   . .          .
                       - Unarmed
rCold   + . .        (no shield)
rNeg    + + +        i - +2 chain mail {rN+}
rPois   ∞            (no helmet)
rElec   .            (no cloak)
rCorr   .            (no gloves)
SInv    .            m - +0 pair of boots
Will    .....        (no amulet) Stlth
                     (no ring)
HPRegen 0.00/turn    (no ring)
MPRegen 0.10/turn

%: no passive effects
@: inhibited regen
A: claws 1, cold resistance 1, negative energy resistance 3, inhibited
regeneration, torment resistance 2, devour on kill
a: no special abilities


You were in a sewer.
You visited 1 branch of the dungeon, and saw 3 of its levels.
You also visited: Sewer.

You collected 98 gold pieces.
You spent 69 gold pieces at shops.

Inventory:

Missiles
 r - 4 curare-tipped darts
Armour
 a - a +0 robe
 c - a +0 ring mail
 i - a +2 chain mail of positive energy (worn)
 m - a +0 pair of boots (worn)
Jewellery
 k - an amulet of magic regeneration
Scrolls
 e - a scroll of noise {unknown}
 f - 2 scrolls of identify {unknown}
 g - 2 scrolls of enchant armour {unknown}
 l - a scroll of poison {unknown}
 o - a scroll of vulnerability {unknown}
 q - a scroll of enchant weapon {unknown}
 t - a scroll of immolation {unknown}
Potions
 b - a potion of magic
 d - a potion of attraction {unknown}
 h - a potion of might {unknown}
 j - 3 potions of curing {unknown}
 n - a potion of enlightenment {unknown}
 p - a potion of mutation {unknown}
 s - a potion of ambrosia {unknown}


   Skills:
 + Level 3.0 Fighting
 - Level 1.7 Dodging
 - Level 2.1 Stealth
 + Level 3.0 Unarmed Combat
 - Level 1.7 Spellcasting
 - Level 3.6 Summonings


You had 5 spell levels left.
You knew the following spells:

 Your Spells              Type           Power      Damage    Failure   Level
a - Summon Small Mammal   Summ           44%        N/A       80%         1

Your spell library contained the following spells:

 Spells                   Type           Power      Damage    Failure   Level
 Call Imp                 Summ           22%        N/A       90%         2
 Call Canine Familiar     Summ           11%        N/A       99%         3
 Blink                    Tloc           2%         N/A       100%        2
 Lesser Beckoning         Tloc           2%         N/A       100%        2
 Momentum Strike          Conj/Tloc      2%         3d8       100%        2
 Summon Blazeheart Golem  Fire/Summ      6%         N/A       100%        4
 Summon Lightning Spire   Summ/Air       6%         N/A       100%        4


Dungeon Overview and Level Annotations

Branches:
Dungeon (3/15)              Sewer (1/1)

Altars:
Ashenzari

Shops:
D:2 *


Innate Abilities, Weirdness & Mutations

You are immune to poison.
You have sharp fingernails.
Your flesh is cold resistant. (rC+)
You are immune to negative energy. (rN+++)
You do not regenerate when monsters are visible.
You are immune to unholy pain and torment.
You thrive by killing the living.


Message History

Found a gate leading back out of this place.
Unknown command.
You scratch the hell rat.
The hell rat is moderately wounded.
The hell rat bites you!
You scratch the hell rat but do no damage.
The hell rat is moderately wounded.
The hell rat closely misses you.
You scratch the hell rat.
The hell rat is heavily wounded.
The hell rat closely misses you.
The hell rat bites you but does no damage.
You barely miss the hell rat.
The hell rat is heavily wounded.
The hell rat closely misses you.
You scratch the hell rat.
The hell rat is heavily wounded.
The hell rat bites you!
You scratch the hell rat but do no damage.
The hell rat is heavily wounded.
The hell rat completely misses you.
You scratch the hell rat.
The hell rat is severely wounded.
The hell rat bites you!
You are too injured to fight recklessly!
You scratch the hell rat but do no damage.
The hell rat is severely wounded.
The hell rat bites you but does no damage.
You scratch the hell rat but do no damage.
The hell rat is severely wounded.
The hell rat bites you but does no damage.
You closely miss the hell rat.
The hell rat is severely wounded.
The hell rat bites you but does no damage.
You closely miss the hell rat.
The hell rat is severely wounded.
The hell rat bites you.
* * * LOW HITPOINT WARNING * * *
The hell rat bites you!
You die...

#########
###~.~.†.~###
###~~~~@.~.~.~###
#..~.~##r##†...~#
##...###.~~###..~##
#...## ~~~~~.##.~.#
#~..# .~~~~~~~#~.~#
#~~.##~!!?$?~##~~~#
##~..###?∩?###~~~##
#..~~~#####~~~..#
###.~~~~∩~~~~.###


You could see a hell rat.

Vanquished Creatures
  3 adders (D:2)
  A river rat (Sewer)
  A ribbon worm (D:2)
  5 ball pythons
  3 endoplasms
  3 giant cockroaches
  3 goblins
  5 hobgoblins
  3 jackals (D:1)
  5 kobolds
  5 quokkas
  3 bats
  8 frilled lizards (D:1)
  7 rats
55 creatures vanquished.

Vanquished Creatures (others)
  An adder (D:3)
1 creature vanquished.

Grand Total: 56 creatures vanquished

Notes
Turn   | Place    | Note
-------+----------+-------------------------------------------
     0 | D:1      | SnakkuSnakku7 the Ghoul Summoner began the quest for the
                  | Orb.
     0 | D:1      | Reached XP level 1. HP: 14/14 MP: 3/3
   165 | D:1      | Reached skill level 1 in Fighting
   165 | D:1      | Reached skill level 1 in Unarmed Combat
   243 | D:1      | Reached XP level 2. HP: 23/23 MP: 4/4
  1199 | D:2      | Reached XP level 3. HP: 20/29 MP: 5/5
  1216 | D:2      | Found a broken altar of Ashenzari.
  1530 | D:2      | Found Hesmonot's Assorted Antiques.
  1545 | D:2      | Bought a silvery potion for 22 gold pieces
  1545 | D:2      | Bought a lumpy golden potion for 22 gold pieces
  1545 | D:2      | Bought a scroll labelled LAMPOO FOAXKI for 25 gold pieces
  1586 | D:2      | Reached XP level 4. HP: 37/37 MP: 6/6
  2008 | D:3      | Found a glowing drain.
  2034 | Sewer    | Entered a sewer
  2167 | Sewer    | Slain by a hell rat

Illustrated notes

Levels and vault maps discovered:
D:1:      wheals_arrival_linesprint, layout_loops_corners, minmay_lizard_pond
D:2:      layout_loops_cross, basic_altar, serial_shops, shop
D:3:      layout_loops_corners, nicolae_kikubaaqudgha_miasma_corner,
          portal_sewer_entry_f
Sewer:    sewer_hellmonk_bad_rat

Skill      XL: |  1  2  3  4 |
---------------+-------------+-----
Fighting       | 1 2 3 |  3.0
Unarmed Combat | 1 2 3 |  3.0
Dodging        | |  1.7
Stealth        | |  2.1
Spellcasting   | |  1.7
Summonings     | |  3.6

Action                     |  1- 3 |  4- 6 || total
---------------------------+-------+-------++-------
  Melee: Unarmed           |   139 |    84 ||   223
         Punch             |     2 |     2 ||     4
 Armour: Ring mail         |    34 |       ||    34
         Chain mail        |    61 |    84 ||   145
  Dodge: Dodged            |    48 |    28 ||    76
